 Dungeon Crawl Stone Soup version 0.27-a0-1188-g73eefd5def (webtiles) character file.

Game seed: 18305420213482649641

14610 Sobieck the Severer (level 12, -8/100 HPs)
             Began as a Hill Orc Fighter on May 21, 2021.
             Was the Champion of Ru.
             Mangled by a freezing wraith (28 damage)
             ... led by a death knight
             ... on level 12 of the Dungeon on May 22, 2021.
             The game lasted 00:34:37 (17327 turns).

Sobieck the Severer (Hill Orc Fighter)             Turns: 17327, Time: 00:34:37

Health: -8/100     AC: 19    Str: 24    XL:     12   Next: 18%
Magic:  0/16       EV:  6    Int:  8    God:    Ru [******]
Gold:   652        SH: 12    Dex: 10    Spells: 16/16 levels left

rFire    . . .     SeeInvis .   a - +2 war axe (freeze) {axe}
rCold    x . .     Faith    .   c - +0 kite shield
rNeg     . . .     Spirit   +   C - +1 plate armour
rPois    .         Reflect  .   w - +0 helmet
rElec    .         Harm     .   (no cloak)
rCorr    .         Rampage  .   U - +0 pair of gloves
Will     .....                  T - +0 pair of boots {Fly}
Stlth    ..........             t - amulet of guardian spirit
HPRegen  0.26/turn              y - ring of willpower
MPRegen  0.15/turn              u - ring of protection from fire

@: weak-willed, flying, slowed, studying Axes, very slow
A: hated by all, weak-willed 1, unskilled 1, temperature sensitive
a: Renounce Religion, Draw Out Power, Power Leap, Apocalypse


You were on level 12 of the Dungeon.
You worshipped Ru.
Ru was exalted by your worship.
You visited 1 branch of the dungeon, and saw 14 of its levels.

You collected 870 gold pieces.
You spent 218 gold pieces at shops.


Innate Abilities, Weirdness & Mutations

You are hated by all.
You are slightly weak-willed. (Will-)
You are somewhat unskilled. (-1 Apt)
You are sensitive to extremes of temperature. (rF-, rC-)


   Skills:
 + Level 7.6 Fighting
 - Level 16.0 Axes
 + Level 9.1 Armour
 + Level 10.0 Shields
 + Level 2.6 Spellcasting
 + Level 3.6 Evocations


You had 16 spell levels left.
You didn't know any spells.
Your spell library contained the following spells:

 Spells                   Type           Power      Damage    Failure   Level
 Apportation              Tloc           2%         N/A       100%        1
 Corona                   Hex            1%         N/A       100%        1
 Pain                     Necr           4%         1d4       100%        1
 Confusing Touch          Hex            1%         N/A       100%        3
 Gell's Gravitas          Tloc           0%         N/A       100%        3
 Vampiric Draining        Necr           0%         2d6       100%        3
 Petrify                  Tmut/Erth      1%         N/A       100%        4
 Agony                    Necr           1%         N/A       100%        5
 Metabolic Englaciation   Hex/Ice        0%         N/A       100%        5
 Yara's Violent Unravell  Hex/Tmut       0%         3d3       100%        5
 Animate Skeleton         Necr           Unusable   N/A       N/A         1
 Summon Small Mammal      Summ           Unusable   N/A       N/A         1
 Call Imp                 Summ           Unusable   N/A       N/A         2
 Call Canine Familiar     Summ           Unusable   N/A       N/A         3
 Summon Guardian Golem    Hex/Summ       Unusable   N/A       N/A         3
 Animate Dead             Necr           Unusable   N/A       N/A         4
 Summon Ice Beast         Ice/Summ       Unusable   N/A       N/A         4
 Summon Lightning Spire   Summ/Air       Unusable   N/A       N/A         4
 Summon Forest            Summ/Tloc      Unusable   N/A       N/A         5
 Summon Mana Viper        Hex/Summ       Unusable   N/A       N/A         5
 Shadow Creatures         Summ           Unusable   N/A       N/A         6
 Summon Hydra             Summ           Unusable   N/A       N/A         7

Inventory:

Hand Weapons
 a - a +2 war axe of freezing (weapon) {axe}
 b - a +1 hand axe of electrocution {axe}
   (You took it off an orc warrior on level 7 of the Dungeon)
 e - a +0 whip {mace}
   (You found it on level 4 of the Dungeon)
 h - a +0 morningstar {mace}
   (You took it off an orc on level 4 of the Dungeon)
 A - a +0 flail {mace}
   (You took it off a gnoll on level 5 of the Dungeon)
 R - a +4 scimitar of flaming {long}
   (You took it off Erica on level 11 of the Dungeon)
Missiles
 f - 82 sling bullets
 i - 478 stones {throwing}
 k - 35 bolts
 n - 42 poisoned darts (quivered) {throwing}
 q - 132 arrows
 x - 11 curare-tipped darts {=fthrowing}
 E - 5 atropa-tipped darts {throwing}
 F - 5 boomerangs {throwing}
 J - a throwing net {=f!fthrowing}
Armour
 c - a +0 kite shield (worn)
 w - a +0 helmet (worn)
   (You bought it in a shop on level 11 of the Dungeon)
 C - a +1 plate armour (worn)
   (You took it off an orc warrior on level 7 of the Dungeon)
 T - a +0 pair of boots of flying (worn)
   (You bought it in a shop on level 2 of the Dungeon)
 U - a +0 pair of gloves (worn)
   (You bought it in a shop on level 2 of the Dungeon)
Jewellery
 m - a ring of magical power
   (You found it on level 6 of the Dungeon)
 s - a +6 ring of intelligence
   (You found it on level 3 of the Dungeon)
 t - an amulet of guardian spirit (around neck)
   (You found it on level 5 of the Dungeon)
 u - a ring of protection from fire (right hand)
   (You found it on level 4 of the Dungeon)
 y - a ring of willpower (left hand)
   (You found it on level 5 of the Dungeon)
 G - a ring of fire
   (You found it on level 7 of the Dungeon)
 K - a ring of flight
   (You found it on level 8 of the Dungeon)
 P - a +6 ring of intelligence
   (You found it on level 10 of the Dungeon)
 Q - an amulet of the acrobat
   (You found it on level 11 of the Dungeon)
Wands
 j - a wand of paralysis (11)
   (You found it on level 4 of the Dungeon)
 r - a wand of polymorph (16)
   (You found it on level 5 of the Dungeon)
 z - a wand of mindburst (12)
   (You took it off a gnoll sergeant on level 9 of the Dungeon)
 I - a wand of flame (13)
   (You found it on level 7 of the Dungeon)
 O - a wand of iceblast (23)
   (You found it on level 9 of the Dungeon)
Scrolls
 l - 2 scrolls of teleportation {@r4}
 p - a scroll of immolation {!r!r}
 H - a scroll of noise {unknown}
 L - 2 scrolls of identify {@r1}
Potions
 d - a potion of mutation {unknown}
 g - 3 potions of degeneration {!q@e2}
 o - 3 potions of haste {@q3}
 v - 2 potions of curing {@q1}
 B - 2 potions of heal wounds {@q2}
 D - a potion of berserk rage {unknown}
 M - 3 potions of attraction {!q}
 N - a potion of lignification {!q}
 S - 2 potions of brilliance
 V - a potion of flight

Dungeon Overview and Level Annotations

Branches:
Dungeon (14/15)            Temple (0/1) D:7            Lair (0/6) D:11
    Orc (0/2) D:12
 Vaults: D:13-14

Altars:
Ru

Shops:
D:2 [   D:3 :   D:11 [

Portals:
Trove: D:10 (show slimy rune of Zot)

Annotations:
D:5 Vault, come back
D:6 1 runed translucent door, robertstho's ghost, novice DjFE
D:8 exclusion: downstairs
D:9 3 runed translucent doors, tehphobia's ghost, novice GnFE

#. ... . #$. ... ####'##.#
..
......#.###.......#######.
....>.W.....:........<....
......#o###......#########
..... #.# # .. ...W
#.################## ...
#.W@W............... ..
##################.. p
#.#. ##.# ##. ##


You could see a phantasmal warrior and a freezing wraith (blind).


Message History

The phantasmal warrior hits itself but does no damage.
You closely miss the death knight. You barely miss the phantasmal warrior.
A freezing wraith comes into view.
The death knight is stunned by your conviction and fails to attack.
You slash the death knight! You freeze the death knight.
Your shield and plate armour prevent you from hitting the phantasmal warrior.
The phantasmal warrior hits you!!
Your willpower is stripped away! 😕 HP[-19] MP[-3]
You take 19 damage, and now have 81/100 hp.
You lost 3 mp, and now have 12/15 mp.
You slash the death knight! You freeze the death knight.
You kill the death knight!
You hit the phantasmal warrior but do no damage.
You block the phantasmal warrior's attack.
Your Armour skill increases to level 9!
Your Shields skill increases to level 10! 😕 HP[+1]
You hit the phantasmal warrior. You hit the freezing wraith.
The freezing wraith hits you but does no damage.
You block the freezing wraith's attack.
The phantasmal warrior barely misses you.
You hit the phantasmal warrior. You freeze the phantasmal warrior.
You hit the freezing wraith.
The freezing wraith hits you but does no damage.
You block the freezing wraith's attack.
You block the phantasmal warrior's attack.
You closely miss the phantasmal warrior.
You slash the freezing wraith!
The freezing wraith hits you but does no damage.
You block the freezing wraith's attack.
You hit the freezing wraith but do no damage.
You closely miss the phantasmal warrior.
The phantasmal warrior hits you! 😮 HP[-10] MP[-1]
You take 10 damage, and now have 72/100 hp.
You lost 1 mp, and now have 11/15 mp.
You are too injured to fight recklessly!
You are too injured to fight recklessly!
You are too injured to fight recklessly!
You slash the freezing wraith! You slash the phantasmal warrior!
You freeze the phantasmal warrior.
The freezing wraith hits you but does no damage.
The freezing wraith hits you. The freezing wraith drains your vigour!
You feel yourself slow down.
You focus your inner power and blind the freezing wraith in retribution!
You block the phantasmal warrior's attack.
You catch the helpless freezing wraith completely off-guard!
You slice the freezing wraith!!
You destroy the freezing wraith!
You closely miss the phantasmal warrior.
The phantasmal warrior hits you but does no damage.
You hit the freezing wraith.
Your plate armour prevents you from hitting the phantasmal warrior.
The phantasmal warrior hits you!
The freezing wraith completely misses you.
You block the freezing wraith's attack. 😮 HP[-9]
You take 9 damage, and now have 63/100 hp.
You hit the freezing wraith but do no damage.
You slash the phantasmal warrior!
The phantasmal warrior hits you but does no damage.
The freezing wraith hits you. The freezing wraith freezes you!!
You feel a terrible chill!
* * * LOW HITPOINT WARNING * * *
You focus your inner power and blind the freezing wraith in retribution!
The freezing wraith hits you!
* * * LOW HITPOINT WARNING * * *
The freezing wraith drains your vigour!
You feel as though you will be slow longer.
The phantasmal warrior barely misses you. 😨 HP[-37] MP[-5]
You take 37 damage, and now have 26/100 hp.
MASSIVE DAMAGE!! (PAUSE)
You lost 5 mp, and now have 6/16 mp.
You closely miss the freezing wraith. You hit the phantasmal warrior.
The freezing wraith hits you but does no damage.
The freezing wraith closely misses you.
The phantasmal warrior barely misses you.
The freezing wraith barely misses you. The freezing wraith hits you.
* * * LOW HITPOINT WARNING * * *
😱 HP[-4]
You take 4 damage, and now have 22/100 hp.
Unknown command.
Okay, then.
Ru asks you to corrupt yourself such that: you are slightly weak-willed. (Will-).
This is an incredible sacrifice.
Piety after sacrifice: ****** Do you really want to make this sacrifice?
You feel weak-willed.
Ru indicates that your awakening is complete.
The phantasmal warrior hits you but does no damage.
The freezing wraith hits you but does no damage.
You block the freezing wraith's attack.
You hit the freezing wraith but do no damage.
You closely miss the phantasmal warrior.
You block the phantasmal warrior's attack.
The freezing wraith hits you.
* * * LOW HITPOINT WARNING * * *
The freezing wraith freezes you!!
You feel a terrible chill!
You die...

Skill      XL: |  1  2  3  4  5  6  7  8  9 10 11 12 |
---------------+-------------------------------------+-----
Axes           | 3 4 5 6 7 9 11 14 16 | 16.0
Fighting       | 4 5 6 7 |  7.6
Armour         | 4 4 5 7 8 9 |  9.1
Shields        | 4 4 5 7 8 9 10 | 10.0
Evocations     | 3 |  3.6
Spellcasting   | 2 |  2.6

Action                   |  1- 3 |  4- 6 |  7- 9 | 10-12 || total
-------------------------+-------+-------+-------+-------++-------
Melee: War axe           |    42 |    95 |   370 |   478 ||   985
       Hand axe          |       |       |    64 |    11 ||    75
       Scimitar          |       |       |       |     4 ||     4
Throw: Stone             |       |    17 |       |       ||    17
       Dart              |       |       |    46 |    21 ||    67
Invok: Sacrifice Skill   |       |       |     1 |       ||     1
       Sacrifice Resista |       |       |     1 |       ||     1
       Draw Out Power    |       |       |       |     1 ||     1
       Sacrifice Love    |       |       |       |     1 ||     1
       Sacrifice Essence |       |       |       |     1 ||     1
  Use: Scroll            |       |     3 |     5 |     6 ||    14
       Potion            |       |     1 |     5 |       ||     6
 Stab: Invisible         |       |       |     1 |     4 ||     5
       Distracted        |       |       |     1 |     4 ||     5
       Paralysed         |       |       |     1 |       ||     1
Armor: Scale mail        |    19 |    37 |    50 |       ||   106
       Chain mail        |       |       |   121 |       ||   121
       Plate armour      |       |       |    40 |   195 ||   235
Dodge: Dodged            |    13 |    32 |    98 |    73 ||   216
Block: Kite shield       |    16 |    47 |   222 |   229 ||   514

Levels and vault maps discovered:
D:1:      wander_arrival_chamber, layout_basic, ebering_ecumenical_altar_box,
          serial_park_tiny_pond
D:2:      layout_basic, serial_shops, shop
D:3:      minmay_goblin_kobold_castle, layout_basic, serial_shops,
          nicolae_shop_stone
D:4:      layout_basic, nicolae_ru_awakened_eye, serial_bayou_pond_e
D:5:      kennysheep_windowed_halls, layout_rooms
D:6:      layout_cave_pods, ebering_ghost_reflecting_pool, uniq_edmund,
          uniq_maggie
D:7:      layout_loops_ring, minmay_temple_entry_glassed_door, grunt_tough_drop
D:8:      layout_layer_cave, kennysheep_crisscross,
          hangedman_abyss_or_decor_passed
D:9:      layout_rooms, ebering_ghost_rock_garden
D:10:     layout_loops_ring, enter_trove_3, unseen_surprise_small, uniq_nergalle
D:11:     layout_stronghold, lair_entry_dummy, serial_shops, nicolae_shop_trees,
          gauntlet_entry_generic, uniq_erica
D:12:     layout_basic, hiddenorc1_lemuel, drop_trap
D:13:     layout_roguey, skrybe_vaults_entry_preservation, serial_curves,
          eino_curves_03, eino_curves_03
D:14:     layout_basic, dk_noncrumbling_3, nicolae_looking_at_the_future

Notes
Turn   | Place    | Note
-------+----------+-------------------------------------------
     0 | D:1      | Sobieck the Hill Orc Fighter began the quest for the Orb.
     0 | D:1      | Reached XP level 1. HP: 19/19 MP: 1/1
     0 | D:1      | magus.rc [v1.9.6]
    81 | D:2      | Found Goppinuh's Armour Emporium.
   216 | D:3      | Reached skill level 3 in Axes
   222 | D:3      | Reached XP level 2. HP: 27/27 MP: 2/2
   246 | D:3      | Reached skill level 4 in Fighting
   246 | D:3      | Reached XP level 3. HP: 13/33 MP: 3/3
   523 | D:3      | Reached skill level 4 in Axes
   530 | D:3      | Found Poqyg's Book Shoppe.
   540 | D:3      | Reached XP level 4. HP: 40/40 MP: 4/4
   803 | D:4      | Noticed an ogre
   816 | D:4      | Killed an ogre
   817 | D:4      | Reached skill level 5 in Axes
   817 | D:4      | Reached skill level 4 in Armour
   817 | D:4      | Reached skill level 4 in Shields
   817 | D:4      | Reached XP level 5. HP: 18/47 MP: 5/5
  1074 | D:5      | Entered Level 5 of the Dungeon
  1303 | D:4      | Noticed a phantom
  1312 | D:4      | Killed a phantom
  1313 | D:4      | Reached XP level 6. HP: 39/55 MP: 6/6
  1588 | D:5      | Noticed a sky beast
  1597 | D:4      | Killed a sky beast
  1598 | D:4      | Reached skill level 5 in Fighting
  1598 | D:4      | Reached skill level 6 in Axes
  1925 | D:4      | HP: 12/56 [gnoll shaman/+0 club (5)]
  1929 | D:4      | Reached XP level 7. HP: 11/61 MP: 7/7
  2261 | D:4      | Found a sacrificial altar of Ru.
  2292 | D:4      | Became a worshipper of Ru the Awakened
  2593 | D:1      | You pick up a book of Callings and begin reading...
  2593 | D:1      | You add the spells Summon Small Mammal, Call Imp, Call
                  | Canine Familiar, Summon Guardian Golem, Summon Lightning
                  | Spire and Summon Ice Beast to your library.
  2596 | D:1      | Found a faded altar of an unknown god.
  3488 | D:3      | Reached skill level 5 in Armour
  3818 | D:3      | Reached skill level 5 in Shields
  3909 | D:3      | Gained mutation: You are somewhat unskilled. (-1 Apt) [Ru
                  | sacrifice]
  3909 | D:3      | Reduced skill Armour to level 4
  3909 | D:3      | Reduced skill Shields to level 4
  3909 | D:3      | Reached * piety under Ru
  4474 | D:3      | Reached skill level 7 in Axes
  4520 | D:3      | Reached XP level 8. HP: 68/68 MP: 8/8
  4731 | D:3      | Reached skill level 5 in Armour
  5352 | D:5      | Reached skill level 5 in Shields
  6290 | D:5      | Reached skill level 8 in Axes
  6388 | D:6      | Noticed Edmund
  6417 | D:6      | Killed Edmund
  6418 | D:6      | Reached skill level 6 in Fighting
  6981 | D:6      | Reached skill level 9 in Axes
  6981 | D:6      | Reached XP level 9. HP: 63/75 MP: 9/9
  7108 | D:6      | Gained mutation: You are sensitive to extremes of
                  | temperature. (rF-, rC-) [Ru sacrifice]
  7108 | D:6      | Reached ** piety under Ru
  7108 | D:6      | Reached *** piety under Ru
  7147 | D:6      | Reached skill level 6 in Armour
  7147 | D:6      | Reached skill level 6 in Shields
  7233 | D:6      | Found a runed translucent door.
  7244 | D:6      | Noticed robertstho's ghost (novice DjFE)
  7438 | D:6      | Noticed Maggie
  7454 | D:6      | Killed Maggie
  7727 | D:6      | Reached skill level 10 in Axes
  8682 | D:7      | Found a staircase to the Ecumenical Temple.
  9540 | D:7      | HP: 16/75 [orc warrior/+0 battleaxe (16)]
  9542 | D:7      | Reached skill level 7 in Armour
  9542 | D:7      | Reached skill level 7 in Shields
  9903 | D:5      | Reached skill level 11 in Axes
  9967 | D:5      | Reached XP level 10. HP: 83/83 MP: 10/10
 10211 | D:5      | You pick up a book of Summonings and begin reading...
 10211 | D:5      | You add the spells Summon Forest, Summon Mana Viper, Shadow
                  | Creatures and Summon Hydra to your library.
 10432 | D:8      | Reached skill level 12 in Axes
 11359 | D:8      | Reached skill level 13 in Axes
 11525 | D:8      | Reached skill level 8 in Armour
 11563 | D:8      | Reached skill level 8 in Shields
 12270 | D:9      | Reached skill level 14 in Axes
 12398 | D:10     | Entered Level 10 of the Dungeon
 12511 | D:9      | Reached XP level 11. HP: 82/89 MP: 9/11
 12518 | D:9      | Reached skill level 15 in Axes
 12724 | D:9      | Gained mutation: You are hated by all. [Ru sacrifice]
 12724 | D:9      | Reached **** piety under Ru
 12724 | D:9      | Reached ***** piety under Ru
 13110 | D:9      | Found a runed translucent gate.
 13111 | D:9      | Found a runed translucent gate.
 13112 | D:9      | Found a runed translucent gate.
 13112 | D:9      | Noticed tehphobia's ghost (novice GnFE)
 13117 | D:10     | Found a portal to a secret trove of treasure.
 13122 | D:10     | This trove requires the presence of the slimy rune of Zot
                  | to function. Show it the item?
 13247 | D:10     | You pick up a book of Cantrips and begin reading...
 13247 | D:10     | You add the spells Corona and Apportation to your library.
 13251 | D:10     | You pick up a book of Necromancy and begin reading...
 13251 | D:10     | You add the spells Pain, Vampiric Draining and Agony to
                  | your library.
 13522 | D:10     | Reached skill level 9 in Shields
 13549 | D:10     | Reached skill level 16 in Axes
 13669 | D:11     | You pick up a book of Misfortune and begin reading...
 13669 | D:11     | You add the spells Confusing Touch, Gell's Gravitas,
                  | Petrify, Metabolic Englaciation and Yara's Violent
                  | Unravelling to your library.
 13762 | D:11     | Noticed Erica
 13777 | D:11     | Killed Erica
 13778 | D:11     | Reached skill level 1 in Evocations
 13788 | D:11     | HP: 22/89 [poisoned by Erica (bolt of poison)]
 14268 | D:10     | Noticed Nergalle
 14276 | D:10     | Noticed a spectral orc warlord
 14280 | D:10     | Killed Nergalle
 14281 | D:10     | Reached skill level 1 in Spellcasting
 14928 | D:11     | Reached skill level 2 in Evocations
 15067 | D:11     | Found Doepp's Armour Shoppe.
 15142 | D:7      | Noticed a purple ugly thing
 15158 | D:7      | Killed a purple ugly thing
 15280 | D:2      | Bought a +0 pair of boots of flying for 115 gold pieces
 15280 | D:2      | Bought a +0 pair of gloves for 45 gold pieces
 15604 | D:11     | Bought a +0 helmet for 58 gold pieces
 15907 | D:11     | Noticed a manticore
 15924 | D:11     | Killed a manticore
 15925 | D:11     | Reached skill level 7 in Fighting
 16116 | D:11     | Noticed a two-headed ogre
 16130 | D:11     | Killed a two-headed ogre
 16131 | D:11     | Reached skill level 2 in Spellcasting
 16188 | D:11     | Found a staircase to the Lair.
 16225 | D:11     | Reached skill level 3 in Evocations
 16682 | D:12     | Noticed a six-headed hydra
 16688 | D:12     | Killed a three-headed hydra
 16689 | D:12     | Reached XP level 12. HP: 74/100 MP: 12/15
 17244 | D:12     | Found a staircase to the Orcish Mines.
 17291 | D:12     | Noticed a death knight
 17316 | D:12     | Killed a death knight
 17317 | D:12     | Reached skill level 9 in Armour
 17317 | D:12     | Reached skill level 10 in Shields
 17325 | D:12     | HP: 22/100 [freezing wraith[a death knight] (4)]
 17326 | D:12     | Gained mutation: You are slightly weak-willed. (Will-) [Ru
                  | sacrifice]
 17326 | D:12     | Reached ****** piety under Ru
 17327 | D:12     | Mangled by a freezing wraith

Vanquished Creatures
  A hydra (D:12)
  A death knight (D:12)
  Erica (D:11)
  A two-headed ogre (D:11)
  Nergalle (D:10)
  An ugly thing (D:7)
  2 manticores
  A freezing wraith (D:12)
  A gargoyle (D:12)
  Maggie (D:6)
  A komodo dragon (D:11)
  2 trolls (D:9)
  A shadow (D:11)
  26 yaks
  A steam dragon (D:8)
  An acid dragon (D:8)
  A water moccasin (D:7)
  Edmund (D:6)
  4 sky beasts
  2 black bears (D:6)
  A hornet zombie (D:6)
  2 necrophages (D:6)
  4 orc warriors
  6 centaurs
  3 ogres
  5 phantoms
  7 kobold brigands
  A bullfrog (D:5)
  3 gnoll sergeants
  2 scorpions (D:5)
  A wyvern skeleton (D:6)
  8 killer bees
  3 howler monkeys
  4 centaur zombies
  A centaur skeleton (D:7)
  2 jellies (D:5)
  3 orc priests
  2 gnoll shamans (D:4)
  5 hounds
  2 bullfrog skeletons (D:5)
  4 iguanas
  4 orc wizards
  2 hound zombies (D:5)
  A howler monkey zombie (D:8)
  29 gnolls
  11 adders
  A shadow imp (D:5)
  An ufetubus (D:5)
  5 dart slugs
  36 orcs
  5 bats
  5 endoplasms
  6 giant cockroaches
  10 hobgoblins
  13 jackals
  4 quokkas
  7 ball pythons
  A frilled lizard (D:2)
  9 goblins
  58 kobolds
  4 rats
332 creatures vanquished.

Vanquished Creatures (others)
  4 yaks
  A gnoll shaman (D:7)
  2 orcs
  A kobold (D:8)
  A plant (D:4)
9 creatures vanquished.

Grand Total: 341 creatures vanquished

Table legend:
 A = Non-vault XP
 B = Vault XP
 C = Vault XP percentage of total XP
 D = Non-vault monster count
 E = Vault monster count
 F = Vault count percentage of total count
                 A         B        C        D         E       F
            +---------+---------+-------+---------+---------+-------
      Total |   16082 |    4790 |  22.9 |     237 |      99 |  29.5
            +---------+---------+-------+---------+---------+-------
        D:1 |      38 |       0 |   0.0 |      20 |       0 |   0.0
        D:2 |      56 |       0 |   0.0 |      22 |       0 |   0.0
        D:3 |     264 |     443 |  62.7 |      28 |      55 |  66.3
        D:4 |     569 |       0 |   0.0 |      23 |       0 |   0.0
        D:5 |     401 |    1075 |  72.8 |      14 |      20 |  58.8
        D:6 |    1339 |     542 |  28.8 |      18 |       2 |  10.0
        D:7 |     555 |     841 |  60.2 |      12 |       5 |  29.4
        D:8 |    2629 |       0 |   0.0 |      36 |       0 |   0.0
        D:9 |    1936 |       0 |   0.0 |      21 |       0 |   0.0
       D:10 |    1740 |     792 |  31.3 |      19 |       1 |   5.0
       D:11 |    4168 |     918 |  18.0 |      19 |       1 |   5.0
       D:12 |    2387 |     179 |   7.0 |       5 |      15 |  75.0
            +---------+---------+-------+---------+---------+-------

Illustrated notes

Table legend:
 A = Kills in this place as a percentage of kills in entire the game.
 B = Kills by you in this place as a percentage of kills by you in the entire game.
 C = Kills by friends in this place as a percentage of kills by friends in the entire game.
 D = Other kills in this place as a percentage of other kills in the entire game.
 E = Experience gained in this place as a percentage of experience gained in the entire game.
 F = Experience gained in this place divided by the number of levels of this place that you have seen.
                   A       B       C       D       E      F
               +-------+-------+-------+-------+-------+----------------------
         Total | 100.0 | 100.0 |   N/A | 100.0 | 100.0 | 1490.9
       Dungeon | 100.0 | 100.0 |   N/A | 100.0 | 100.0 | 1490.9
               +-------+-------+-------+-------+-------+----------------------

Table legend: (Time is in decaauts)
 A = Elapsed time spent in this place.
 B = Non-inter-level travel time spent in this place.
 C = Inter-level travel time spent in this place.
 D = Time resting spent in this place.
 E = Time spent auto-exploring this place.
 F = Levels seen in this place.
 G = Mean time per level.
                   A        B        C        D        E       F      G
               +--------+--------+--------+--------+--------+-----+--------+
         Total |  17542 |  16220 |   1322 |   5409 |   7583 |  14 | 1253.0 |
       Dungeon |  17542 |  16220 |   1322 |   5409 |   7583 |  14 | 1253.0 |
               +--------+--------+--------+--------+--------+-----+--------+

Top non-repeatable levels by time:
     D:3: 2254 daAuts
     D:7: 2217 daAuts
    D:11: 2106 daAuts
     D:4: 2099 daAuts
     D:6: 2040 daAuts
     D:5: 1451 daAuts
     D:8: 1442 daAuts
     D:9: 980 daAuts
    D:10: 912 daAuts
     D:2: 765 daAuts
    D:12: 637 daAuts
     D:1: 610 daAuts
    D:13: 21 daAuts
    D:14: 1 daAuts
